[Event "3rd VIZAG GM-Open 2022"]
[Site "Visakapatnam"]
[Date "2022.06.14"]
[Round "6.4"]
[White "Nitin, S.."]
[Black "Paichadze, Luka"]
[Result "1/2-1/2"]
[ECO "B12"]
[WhiteElo "2399"]
[BlackElo "2567"]
[Annotator "TA"]
[PlyCount "61"]
[EventDate "2022.06.13"]
[EventType "swiss"]
[EventCountry "IND"]
[SourceTitle "playchess.com"]
[Source "ChessBase"]
[SourceQuality "1"]
[TimeControl "5400+30"]

1. e4 c6 2. d4 d5 3. e5 c5 4. dxc5 e6 5. a3 Bxc5 6. Qg4 {[%emt 0:00:11] B12: Caro-Kann: Advance Variation.} g6 7. Bd3 h5 {[%emt 0:04:00] [#]} (7... f6 $11) 8. Qe2 $146 {[%emt 0:00:40] White is slightly better.} ({Predecessor:} 8. Qg3 h4 9. Qf4 Bf8 10. Nc3 Bh6 11. Qg4 Bxc1 12. Rxc1 Nh6 13. Qe2 Qg5 14. f4 Qxf4 {0-1 (52) Lei,T (2505)-Stefanova,A (2466) Chess.com INT 2020}) 8... Nh6 9. Nf3 Nf5 10. b4 (10. O-O $16) 10... Be7 ({Black should play} 10... Nd4 $1 $11 11. Nxd4 Bxd4) 11. O-O a5 12. b5 $1 Nd7 13. Rd1 Qc7 14. Nbd2 Nb6 (14... b6 $11 {remains equal.}) 15. a4 $16 O-O 16. Nb3 Rd8 17. h3 Ng7 (17... Nc4 $16) 18. Bh6 Bd7 19. g4 Rac8 20. Kg2 {[%emt 0:04:43] White is more active.} Nc4 21. Rg1 Nb2 (21... b6 $16) 22. Nfd4 $18 h4 23. Bf4 b6 24. Rgb1 Nc4 25. Rd1 Qb7 (25... Nb2 $16) 26. Nf3 Be8 27. Nbd4 Nb2 28. Rdb1 Nc4 29. Rd1 Nb2 $1 30. Rdb1 Nc4 31. Rd1 $2 {[%emt 0:00:05] Weighted Error Value: White=0.28 (precise) /Black=0.25 (precise)} (31. Re1 $18) 1/2-1/2

[Event "3rd VIZAG GM-Open 2022"]
[Site "Visakapatnam"]
[Date "2022.06.14"]
[Round "6.5"]
[White "Harsha Bharathakoti"]
[Black "Nguyen, Van Huy"]
[Result "1-0"]
[ECO "B12"]
[WhiteElo "2547"]
[BlackElo "2405"]
[Annotator "TA"]
[PlyCount "59"]
[EventDate "2022.06.13"]
[EventType "swiss"]
[EventCountry "IND"]
[SourceTitle "playchess.com"]
[Source "ChessBase"]
[SourceQuality "1"]
[TimeControl "5400+30"]

1. e4 c6 2. d4 d5 3. f3 e6 4. Nc3 Bb4 5. Bd2 Ne7 6. a3 {[%emt 0:01:09] B12: Caro-Kann: Advance Variation.} Bxc3 7. Bxc3 b6 8. h4 {[%emt 0:08:17][%cal Bh2h4,Bh4h5][%mdl 32] The position is equal.} Ba6 ({Black should play} 8... Qc7 $11) 9. Bxa6 $14 Nxa6 {[%emt 0:00:06] [#]} 10. Qd3 $146 ({Predecessor:} 10. Qe2 Nc7 11. exd5 Qxd5 12. Qe4 Nb5 13. Ne2 O-O-O 14. Qxd5 Rxd5 15. Bb4 Rd7 16. Bxe7 Rxe7 {½-½ (73) Klimkowski,J (2297)-Socko,B (2619) Lodz 2021}) 10... Nc7 11. Ne2 Qd7 12. h5 h6 13. O-O-O O-O-O 14. Be1 Kb7 15. Bg3 Rhe8 16. Kb1 f6 17. Rhe1 Nc8 18. e5 Rg8 19. Bh4 Rdf8 20. exf6 {[%emt 0:01:57] White is more active.} gxf6 {[%emt 0:00:16] [#]} 21. Nf4 Nd6 22. g4 c5 $2 {[%emt 0:00:38] This costs Black the game.} (22... Rf7 $16) 23. dxc5 $18 Nc8 24. c4 d4 (24... bxc5 $142 25. cxd5 exd5 26. Nxd5 Nxd5) 25. cxb6 {[%emt 0:02:26] White is clearly winning.} Nxb6 {[%emt 0:00:42] [#]} 26. Nxe6 Nxe6 27. Qe4+ Kc8 28. Qxe6 Qxe6 29. Rxe6 f5 30. Rxd4 {[%emt 0:00:11] Weighted Error Value: White=0.03 (flawless) /Black=0.33} 1-0

[Event "3rd VIZAG GM-Open 2022"]
[Site "Visakapatnam"]
[Date "2022.06.14"]
[Round "6.6"]
[White "Laxman, R.R."]
[Black "Mirzoev, Azer"]
[Result "1/2-1/2"]
[ECO "D11"]
[WhiteElo "2420"]
[BlackElo "2476"]
[Annotator "TA"]
[PlyCount "79"]
[EventDate "2022.06.13"]
[EventType "swiss"]
[EventCountry "IND"]
[SourceTitle "playchess.com"]
[Source "ChessBase"]
[SourceQuality "1"]
[TimeControl "5400+30"]

1. d4 d5 2. Nf3 Nf6 3. c4 c6 4. e3 a6 5. Nbd2 Bf5 6. Nh4 {[%emt 0:01:54] D11: Slav Defence: 3 Nf3 sidelines and 3...Nf6 4 e3 Bg4.} Bg4 7. Be2 Bxe2 8. Qxe2 e6 9. Nhf3 Nbd7 10. O-O Be7 {[%emt 0:00:03] [#]} 11. e4 $146 ({Predecessor:} 11. b3 O-O 12. e4 dxe4 13. Nxe4 a5 14. Bg5 a4 15. Nxf6+ Nxf6 16. Qc2 h6 17. Bh4 {1-0 (34) Studer,N (2546)-Laznicka,V (2648) Moscow 2019}) 11... dxe4 12. Nxe4 Nxe4 13. Qxe4 O-O 14. Rd1 Re8 15. Bf4 Qa5 16. Qc2 Nf8 17. Bd2 Qc7 18. Rac1 Rad8 19. Be3 Ng6 20. Qb3 Qb8 21. g3 h6 22. Kg2 Bd6 23. d5 cxd5 24. cxd5 exd5 25. Bb6 Rc8 26. Qxd5 Rxc1 27. Rxc1 Ne7 28. Qd3 Nc6 29. Nd4 Nxd4 30. Qxd4 Re6 31. Rc4 Qe8 32. Qd5 Qe7 33. Rc8+ Kh7 34. Qd3+ g6 $1 35. Bd4 {[%emt 0:00:07][%csl Gd4][%cal Rc8h8] [#]} Be5 {[%emt 0:01:21] Prevents Rh8+. Strongly threatening ...Qd7. The position is equal.} 36. Bxe5 Rxe5 37. Qd4 Qe6 38. Qd8 Qd5+ 39. Qxd5 Rxd5 40. Rc7 {[%emt 0:00:07][%csl LRb7,LRf7] Weighted Error Value: White=0.04 (flawless) /Black=0.04 (flawless)} 1/2-1/2

[Event "3rd VIZAG GM-Open 2022"]
[Site "Visakapatnam"]
[Date "2022.06.14"]
[Round "6.7"]
[White "Nikitenko, Mihail"]
[Black "Gusain, Himal"]
[Result "0-1"]
[ECO "D04"]
[WhiteElo "2479"]
[BlackElo "2396"]
[Annotator "TA"]
[PlyCount "106"]
[EventDate "2022.06.13"]
[EventType "swiss"]
[EventCountry "IND"]
[SourceTitle "playchess.com"]
[Source "ChessBase"]
[SourceQuality "1"]
[TimeControl "5400+30"]

1. Nf3 c5 2. e3 Nf6 3. d4 g6 4. Bd3 Bg7 5. O-O O-O 6. Nbd2 d5 {[%emt 0:03:45] was the old line (6...d6).} 7. b3 Nc6 {[%emt 0:00:51] D04: Colle System.} 8. Bb2 cxd4 9. exd4 Nb4 {[%emt 0:00:48] The position is equal.} 10. Be2 Bf5 11. Ne1 Rc8 12. c3 Nc6 13. Nd3 {[%emt 0:01:16] Inhibits e5.} Bxd3 14. Bxd3 e5 15. dxe5 Nxe5 {[%emt 0:00:07] [#]} 16. Bc2 $146 ({Predecessor:} 16. Be2 Qa5 17. Re1 Rfd8 18. Qb1 Bh6 19. Nf1 Bg7 20. Ng3 Re8 21. h3 Qb6 22. Bf1 {0-1 (45) Huettl,G (1957)-Ertl,D (1792) Regensburg 2004}) 16... Qc7 17. Rc1 (17. Nf3 $15 {should be considered.}) 17... Rfd8 ({Much weaker is} 17... Neg4 $6 18. g3 $15) 18. Bb1 Ne4 19. Qe2 {[%emt 0:00:55] [#]} Ng4 $1 {[%emt 0:05:25][%csl Gg4][%cal Rc7h2] Black is much more active. The white rooks are badly placed. Pair of Knights!} 20. g3 Nxd2 21. Qxd2 Nf6 (21... Bh6 $15 22. f4 Bg7) 22. Qe2 Re8 23. Qd3 Ne4 $1 24. Rfe1 Qc5 25. Re2 Re6 26. b4 Qc6 {[%emt 0:11:14] White is now going downhill.} 27. Rec2 Nd6 28. Rd1 ({White should try} 28. b5 Qxb5 29. Qxb5 Nxb5 30. a4) 28... Nc4 $17 29. Bc1 Rce8 30. Qf1 {[%emt 0:01:24] Inhibits Re1.} R8e7 31. h3 {[%emt 0:02:04] [#]} (31. Bg5 $17 Re8 32. h4) 31... Qe8 $1 $19 32. Kg2 Re1 33. Qd3 {[%emt 0:00:23] [#]} Qc6 34. f3 $2 (34. b5 Qxb5 35. Bf4) 34... Ne3+ 35. Bxe3 R7xe3 ({Worse is} 35... R1xe3 36. Qxd5 Qxd5 37. Rxd5 $17) 36. Qd2 {[%emt 0:02:16] [#]} d4 $1 37. Qxe1 Qxf3+ ({Not} 37... Rxe1 38. Rxe1 dxc3 39. Rce2 $17) 38. Kh2 Rxe1 39. Rxe1 dxc3 {[%emt 0:00:13] Strongly threatening ...Bf8.} 40. Re8+ (40. Rg2) 40... Bf8 {[%emt 0:00:33] Black is clearly winning.} 41. Rce2 Kg7 42. R8e3 Qf1 43. Bc2 Bxb4 {[%emt 0:02:08] And now ...Bc5 would win.} 44. Rg2 f5 {[%emt 0:01:54] Hoping for ...f4.} 45. Rd3 h5 46. h4 Kh6 47. Rd1 Qb5 48. Re1 Bd6 49. Re3 Qc4 {[%emt 0:00:58][%csl LRa2,LRh4] Threatens to win with ...Qxh4+.} 50. Rge2 Qxh4+ 51. Kg2 Qg4 {[%emt 0:00:37] ...Bc5 is the strong threat.} 52. Bd1 {[%emt 0:00:43] [#]} Bxg3 $1 53. Rxg3 c2 {[%emt 0:00:04] Weighted Error Value: White=0.49/Black=0.13 (very precise)} 0-1

[Event "3rd VIZAG GM-Open 2022"]
[Site "Visakapatnam"]
[Date "2022.06.14"]
[Round "6.8"]
[White "Bharat Kumar Reddy Poluri"]
[Black "Savchenko, Boris"]
[Result "0-1"]
[ECO "B91"]
[WhiteElo "2224"]
[BlackElo "2524"]
[Annotator "TA"]
[PlyCount "70"]
[EventDate "2022.06.13"]
[EventType "swiss"]
[EventCountry "IND"]
[SourceTitle "playchess.com"]
[Source "ChessBase"]
[SourceQuality "1"]
[TimeControl "5400+30"]

1. e4 c5 2. Nf3 d6 3. d4 cxd4 4. Nxd4 Nf6 5. Nc3 a6 6. g3 e5 7. Nde2 Be7 8. Bg2 O-O 9. O-O b5 10. Nd5 {[%emt 0:01:19] B91: Sicilian Najdorf: 6 g3.} Nxd5 11. Qxd5 {[%emt 0:00:15] [#]} Qc7 $146 ({Predecessor:} 11... Ra7 12. Be3 Rb7 13. Qd2 Nd7 14. Nc3 Nf6 15. Bg5 Be6 16. Bxf6 Bxf6 17. Nd5 Bg5 {½-½ (43) Vitiugov,N (2732)-Yu,Y (2763) Khanty-Mansiysk 2019}) 12. Qxa8 $18 {[%emt 0:09:31] White has a decisive advantage.} Nc6 13. Nc3 $1 Bd8 {[%emt 0:00:06] [#]} 14. Nxb5 $1 axb5 15. Qa3 Nd4 16. Qd3 Bg4 (16... Qxc2 $16 17. Qa3 Qc6) 17. c3 Be2 {[%emt 0:00:21] [#]} 18. Qd2 Bxf1 $14 19. Kxf1 Qc4+ 20. Ke1 (20. Kg1 $14 Ne2+ 21. Kh1) 20... Ba5 $11 21. Rb1 $1 (21. b4 Bxb4 $1 22. Bb2 Ba5 $17) 21... Qxa2 22. Qd3 Nb3 23. Be3 Nc5 (23... b4 $5 24. Rd1 Qxb2 25. cxb4 Bxb4+ 26. Kf1 Qa2 $15) 24. Qd1 {[%emt 0:08:39] And now Ra1 would win.} Na4 {[%emt 0:06:20][%cal Oa5c3] Threatens to win with ...Bxc3+!} 25. Bd2 Bb6 (25... Nxb2 $2 26. Qc2 $18) 26. Bf1 f5 (26... Nxb2 $2 27. Qc2 $18) 27. Bxb5 fxe4 28. Bxa4 {[%emt 0:03:38] Strongly threatening Bb3+.} Bxf2+ 29. Kf1 Kh8 $1 30. Kg2 $1 {[%emt 0:02:28] Black must now prevent Bb3.} e3 31. Bxe3 $1 Bxe3 32. Qxd6 $2 {[%emt 0:00:44][%mdl 8192] [#]} (32. Bb3 $11 Qa6 33. Ra1 Qb7+ 34. Qd5 Rf2+ 35. Kh1 Qxd5+ 36. Bxd5) 32... Rf2+ $1 $19 {[%emt 0:05:47] Black is clearly winning.} ({Not} 32... Qf7 33. Bc6 $16) 33. Kh3 {[%emt 0:00:05] [#]} Bc5 $1 ({Worse is} 33... h5 34. Qd8+ Kh7 35. Bc2+ (35. Qd3+ g6 $15) 35... Rxc2 36. Qd3+ g6 37. Qxc2 $11) 34. Qd8+ Bf8 35. Qb6 Rf6 {[%emt 0:00:38] Weighted Error Value: White=0.51/Black=0.20 (precise)} 0-1

[Event "3rd VIZAG GM-Open 2022"]
[Site "Visakapatnam"]
[Date "2022.06.14"]
[Round "6.9"]
[White "Bommini Mounika Akshaya"]
[Black "Nigmatov, Ortik"]
[Result "1/2-1/2"]
[ECO "E92"]
[WhiteElo "2108"]
[BlackElo "2463"]
[Annotator "TA"]
[PlyCount "102"]
[EventDate "2022.06.13"]
[EventType "swiss"]
[EventCountry "IND"]
[SourceTitle "playchess.com"]
[Source "ChessBase"]
[SourceQuality "1"]
[TimeControl "5400+30"]

1. d4 Nf6 2. c4 g6 3. Nc3 Bg7 4. e4 d6 5. Nf3 O-O 6. Be2 e5 7. d5 a5 8. Bg5 h6 9. Bh4 Qe8 10. Nd2 Na6 11. a3 Bd7 12. b3 c6 {[%emt 0:02:47] E92: King's Indian: Classical: 6 Be2 e5: 7 dxe5, 7 Be3 and Petrosian System without 7...Nbd7.} 13. O-O Nh7 (13... Qb8 $11 {keeps the balance.}) 14. Rb1 {[%emt 0:05:02][%cal Oc4c5] [#]} Nc7 $146 {[%emt 0:07:38] White is slightly better.} ({Predecessor:} 14... Bf6 15. Bg3 Bd8 16. f4 Bb6+ 17. Kh1 Bd4 18. Qc2 f6 19. Nf3 Bc5 20. Ra1 g5 {1-0 (59) Saric,S (2472)-Djurovic,G (2353) Croatia 2011}) 15. c5 (15. f3 $14) 15... dxc5 $11 16. Nc4 g5 (16... Bf6 $11 17. Bg3 h5) 17. Bg3 $14 {[%emt 0:01:21] White is more active.} cxd5 18. exd5 Nb5 19. Na4 (19. Nxb5 $16 Bxb5 20. a4) 19... Rd8 20. Nxa5 ({Reject} 20. Nxc5 Nc3 21. Qc2 Nxb1 22. Rxb1 Bb5 $11) 20... Bc8 21. Rc1 ({Don't go for} 21. Nxc5 $2 Nc3 22. Qd3 Nxe2+ 23. Qxe2 Rxd5 24. Ncxb7 Bxb7 25. Nxb7 Qc6 $19) (21. Bxb5 $5 Qxb5 22. Nc4 $11) 21... Nd4 22. Rxc5 f5 23. f3 ({Better is} 23. Bh5 $11 Qe7 24. Re1) 23... e4 24. Bf2 e3 25. Be1 f4 26. Nb6 $2 {[%emt 0:02:00] [#]} ({White should play} 26. Bc3 $15 Nxe2+ 27. Qxe2) 26... Nxe2+ (26... Bf5 $1 $19 {and Black stays clearly on top. White must now prevent ...Qg6.} 27. Bc3 Bc2) 27. Qxe2 $17 {[%emt 0:00:02] [#]} Bd4 (27... Bf5 $1 $17 {aiming for ...Qg6.} 28. Qc4 Rf7) 28. Rxc8 $11 Bxb6 29. Rxd8 Qxd8 30. Nc4 $36 {[%emt 0:01:05][%mdl 2048] Strongly threatening Bc3. White has some pressure.} Bc5 31. Bb4 (31. d6 $1 $11 {remains equal.}) 31... Qxd5 $17 {[%emt 0:01:40] Threatens to win with ...Bxb4.} 32. Bxc5 Qxc5 33. Rd1 {[%emt 0:00:12] Against Rd8} b5 (33... Rc8 $15) 34. Nd6 $11 Rd8 35. b4 Qxd6 (35... Qa7 $11) 36. Qa2+ $2 ({Only move:} 36. Rxd6 $16 Rxd6 37. g3) 36... Kg7 {[%emt 0:00:38][%cal Rd6d1] The position is equal.} 37. Qa1+ Nf6 38. Rxd6 Rxd6 {[%emt 0:00:01][%mdl 4096] Endgame KQ-KRN} 39. Kf1 Rd2 {[%emt 0:01:26] Hoping for ...e2+.} 40. Qe5 Rd1+ 41. Ke2 Rd2+ 42. Kf1 Rd5 43. Qe7+ Kg6 44. Qe6 Rd1+ 45. Ke2 Rd2+ 46. Kf1 Rd1+ 47. Ke2 Rg1 48. g4 {[%emt 0:02:30] Qf5+ is the strong threat.} Rg2+ 49. Ke1 Rg1+ 50. Ke2 Rg2+ 51. Ke1 Rg1+ {[%emt 0:01:10] Weighted Error Value: White=0.32/Black=0.27 (precise)} 1/2-1/2

[Event "3rd VIZAG GM-Open 2022"]
[Site "Visakapatnam"]
[Date "2022.06.14"]
[Round "6.10"]
[White "Neelotpal, Das"]
[Black "Barath Kalyan M"]
[Result "1-0"]
[ECO "B90"]
[WhiteElo "2431"]
[BlackElo "2232"]
[Annotator "TA"]
[PlyCount "55"]
[EventDate "2022.06.13"]
[EventType "swiss"]
[EventCountry "IND"]
[SourceTitle "playchess.com"]
[Source "ChessBase"]
[SourceQuality "1"]
[TimeControl "5400+30"]

1. e4 c5 2. Nf3 d6 3. d4 cxd4 4. Nxd4 Nf6 5. Nc3 a6 6. a3 e5 {[%emt 0:02:07] B90: Sicilian Najdorf: Unusual White 6th moves, 6 Be3 Ng4 and 6 Be3 e5.} 7. Nf3 Qc7 8. Bg5 {[%emt 0:02:48] Threatening Bxf6.} Nbd7 {[%emt 0:00:14] The position is equal.} 9. Nd2 b5 {[%emt 0:05:51] [#]} 10. Bd3 $146 ({Predecessor:} 10. Be2 Be7 11. O-O O-O 12. Kh1 Bb7 13. Bg4 Rfe8 14. Bxd7 Nxd7 15. Qg4 Bxg5 16. Qxg5 {0-1 (30) Durarbayli,V (2626)-Moussard,J (2595) Chess.com INT 2019}) 10... Bb7 11. Nf1 g6 12. Ng3 (12. Ne3 $11) 12... Bg7 13. h4 O-O 14. h5 $1 Rfe8 15. Qd2 d5 (15... Nf8 $14) 16. hxg6 $16 hxg6 {[#]} ({Black should play} 16... fxg6 17. exd5 e4) 17. exd5 ({White should try} 17. Bh6 $1 {[%cal Rh6g7] And now Bxg7 would win.} Bh8 18. exd5) 17... Qd6 (17... e4 $16 18. Be2 (18. Ncxe4 $2 Bxd5 19. Bf4 Nxe4 $19) (18. Ngxe4 $2 Nxe4 19. Nxe4 Bxd5 $19) 18... Rac8) 18. O-O-O $18 b4 (18... e4 $142) 19. Nce4 Nxe4 20. Nxe4 Qxd5 21. Qxb4 (21. Bh6 $142 {Bxg7 would kill now.} Qa2 22. Qg5 (22. Qxb4 Bxh6+ 23. Rxh6 Bxe4 $18) 22... Bxe4 23. Bxg7 Kxg7 24. Bxe4 Qa1+ 25. Kd2 Qxb2 26. Bxa8 Rxa8 27. Qh6+ Kf6 28. Qh4+ g5 29. Qxb4 Qxb4+ 30. axb4) 21... Bc6 $2 {[%emt 0:00:00] [#]} (21... a5 22. Qa4 Bc6) 22. Bc4 $1 Qxe4 {[%emt 0:00:00] [#]} 23. Rxd7 $1 Rf8 {[%emt 0:00:00] [#]} (23... Qxc4 24. Qxc4) 24. Rxf7 $1 {[%emt 0:00:00][%csl Gb4][%cal Rf7f8][%mdl 512] White mates.} Bd5 {[%emt 0:00:00] [#]} (24... Qxc2+ 25. Kxc2) 25. Rxg7+ $1 Kxg7 26. Qe7+ Rf7 27. Bf6+ {[%emt 0:00:00] A strong pair of Bishops.} Kg8 28. Rh8# {[%emt 0:05:00] Weighted Error Value: White=0.18 (very precise) /Black=0.87} 1-0

[Event "3rd VIZAG GM-Open 2022"]
[Site "Visakapatnam"]
[Date "2022.06.14"]
[Round "6.12"]
[White "Ilamparthi A R"]
[Black "Nguyen, Duc Hoa"]
[Result "1-0"]
[ECO "B40"]
[WhiteElo "2121"]
[BlackElo "2398"]
[Annotator "TA"]
[PlyCount "73"]
[EventDate "2022.06.13"]
[EventType "swiss"]
[EventCountry "IND"]
[SourceTitle "playchess.com"]
[Source "ChessBase"]
[SourceQuality "1"]
[TimeControl "5400+30"]

1. e4 c5 2. Nf3 e6 3. d3 Nc6 4. g3 d5 5. Qe2 Be7 6. Bg2 {[%emt 0:00:10] B40: Sicilian: 2...e6, Unusual lines.} h5 7. h4 Nf6 8. O-O {[%emt 0:01:16] [#] The position is equal.} d4 $146 (8... O-O $11) ({Predecessor:} 8... Ng4 9. Re1 b6 10. c4 dxc4 11. dxc4 e5 12. Nc3 Nd4 13. Nxd4 cxd4 14. Nd5 Nf6 {½-½ (56) Keller,T (2268)-Hoppe,T (2239) Nordrheinwestfalen 2016}) 9. e5 $14 Ng4 10. a4 f6 11. exf6 gxf6 12. c3 (12. Nfd2 $16) 12... e5 $11 13. cxd4 cxd4 14. Nbd2 Be6 15. Nc4 Rc8 16. Bd2 O-O (16... Bxc4 $5 17. dxc4 f5 $11) 17. a5 (17. Qe4 Qd7 $15) 17... Bxc4 18. dxc4 d3 19. Qe1 (19. Qe4 f5 20. Qd5+ Qxd5 21. cxd5 Nb4 $17) 19... Kg7 (19... f5 $11 20. Ng5 e4 21. Bxe4 (21. Ne6 Qd6 $14) 21... fxe4 22. Qxe4 Bxg5 23. Qg6+ Kh8 24. Qxh5+ Bh6 25. Bxh6 Nf6) 20. Bc3 Qd7 21. b4 b6 22. axb6 axb6 23. Qb1 (23. Ra6 $16) 23... Rfd8 (23... e4 $11 24. Ng5 Nce5 25. Nxe4 Rxc4) 24. b5 (24. Nh2 $14) 24... Na5 25. Bxa5 (25. Nd2 $1 $11 {was the only way to keep the balance.}) 25... bxa5 $17 26. Rxa5 (26. Nd2 $17 Bb4 27. Qb2) 26... Rxc4 (26... e4 $1 $19 {has better winning chances.} 27. Nd2 e3 28. fxe3 Qc7) 27. b6 Rb4 28. Qa2 e4 (28... d2 $6 29. Rd1 $11) (28... Rxb6 $17 {aiming for ...e4.} 29. Nd2 (29. Ra7 Qe6 $17) 29... Qd4) 29. Ra7 $11 Qd6 30. Nd2 {[%emt 0:02:50] [#]} (30. Nh2 $1 $15 e3 31. Nxg4 Rxg4 32. fxe3) 30... f5 $2 ({Black should play} 30... e3 $1 $19 31. fxe3 (31. Ne4 $2 Rxe4 32. Bxe4 d2 $19) 31... Re8) 31. Rc1 (31. Qa5 $1 $14 {is superior.} Kg6 32. b7) 31... Kf8 32. Rcc7 $40 {[%emt 0:00:56][%mdl 128] Black needs to defend precisely. The board is on fire.} Re8 33. Qa5 (33. Ra5 $1 $14 Nh6 34. Ra8 (34. Qa1 Bf6 $15) 34... Rxb6 35. Rxe8+ Kxe8 36. Qa7) 33... Ne5 $2 {[%emt 0:01:08][%mdl 8192] [#]} (33... Qxb6 $11 34. Qxf5+ Qf6) 34. b7 $1 $18 Bd8 (34... Rb5 $142 35. Qxb5 Qxc7 36. Qxe8+ Kxe8 37. Ra8+ Kd7) 35. Rh7 Nf7 (35... Kg8 $18 36. b8=B Rxb8 37. Rag7+ (37. Qa4 Be7 $11) 37... Kf8) 36. Qxf5 Re7 37. b8=Q {[%emt 0:00:34] White used his chance.  Weighted Error Value: White=0.26 (precise) /Black=0.79} 1-0

[Event "3rd VIZAG GM-Open 2022"]
[Site "Visakapatnam"]
[Date "2022.06.14"]
[Round "6.13"]
[White "Abdurakhmonov, Mukhammadali"]
[Black "Allahverdiyeva, Ayan"]
[Result "1/2-1/2"]
[ECO "E32"]
[WhiteElo "2308"]
[BlackElo "2120"]
[Annotator "TA"]
[PlyCount "52"]
[EventDate "2022.06.13"]
[EventType "swiss"]
[EventCountry "IND"]
[SourceTitle "playchess.com"]
[Source "ChessBase"]
[SourceQuality "1"]
[TimeControl "5400+30"]

1. d4 Nf6 2. c4 e6 3. Nc3 Bb4 4. Qc2 d6 5. Bg5 Nbd7 6. e3 c5 7. dxc5 {[%emt 0:00:30] E32: Nimzo-Indian: Classical (4 Qc2): 4...0-0.} Nxc5 8. Nge2 $1 Bd7 9. O-O-O $1 {[%emt 0:00:30] White is slightly better.} Qb6 10. Bf4 ({White should try} 10. a3 $14 Bxc3 11. Nxc3) 10... d5 $11 {[%emt 0:00:30] [#]} 11. a3 $146 ({Predecessor:} 11. cxd5 Rc8 12. dxe6 Bxe6 13. Kb1 O-O 14. f3 Na6 15. e4 Bxc3 16. Nxc3 Bxa2+ 17. Nxa2 Rxc2 18. Kxc2 Nc5 19. Kb1 Qe6 20. Rd6 Qe7 21. Nc3 Ncxe4 22. fxe4 Nh5 {0-1 (22) Ciorgovean,I (2276)-Miron,L (2455) Olanesti 2019}) 11... Bxa3 12. bxa3 $16 e5 $2 (12... O-O $1 $14) 13. Rxd5 $2 exf4 $17 14. Re5+ Be6 (14... Kf8 $17 {And now ...Ng4 would win.} 15. Nxf4 Qa5) 15. Na4 $1 $11 {[%emt 0:00:30] The position is equal.} Nxa4 16. Qxa4+ Nd7 {[%emt 0:00:30] Strongly threatening ...Qd6.} 17. Nxf4 O-O 18. Rxe6 fxe6 19. Qxd7 Rxf4 $1 20. exf4 Rd8 21. Qe7 Qd4 22. Qxe6+ Kh8 {[%emt 0:00:30] [#] ( -> ...Qc3+)} 23. Qe5 Qd2+ 24. Kb1 Qd1+ 25. Kb2 {[%emt 0:00:30] aiming for Qf5.} Qd2+ 26. Kb3 {[%emt 0:00:30] [#] Black must now prevent Be2.} Qd1+ {[%emt 0:00:30] Weighted Error Value: White=0.34/Black=0.32} 1/2-1/2

[Event "3rd VIZAG GM-Open 2022"]
[Site "Visakapatnam"]
[Date "2022.06.14"]
[Round "6.14"]
[White "Subhayan Kundu"]
[Black "Manish Anto Cristiano F"]
[Result "1-0"]
[ECO "B90"]
[WhiteElo "2323"]
[BlackElo "2071"]
[Annotator "TA"]
[PlyCount "109"]
[EventDate "2022.06.13"]
[EventType "swiss"]
[EventCountry "IND"]
[SourceTitle "playchess.com"]
[Source "ChessBase"]
[SourceQuality "1"]
[TimeControl "5400+30"]

1. e4 c5 2. Nf3 d6 3. d4 cxd4 4. Nxd4 Nf6 5. Nc3 a6 6. Be3 e5 7. Nb3 Be6 8. f3 Be7 9. Qd2 h5 10. Be2 O-O {[%emt 0:00:30] B90: Sicilian Najdorf: Unusual White 6th moves, 6 Be3 Ng4 and 6 Be3 e5.} 11. O-O Nbd7 12. Nd5 Bxd5 {[%emt 0:00:30] White has an edge.} 13. exd5 b6 14. c4 g6 15. Rac1 Nh7 16. f4 exf4 17. Bxf4 Bg5 18. Nd4 {[%emt 0:00:30] [#]} Ne5 $146 (18... Re8 $11 {keeps the balance.}) ({Predecessor:} 18... a5 19. Nb5 Bxf4 20. Qxf4 Ne5 21. Rc3 Kh8 22. Rg3 Rg8 23. Nd4 Qc7 24. Nc6 Rae8 {½-½ (56) Nestorovic,L (2337)-Govedarica,R (2385) Veliko Gradiste 2015}) 19. Nc6 $36 {[%emt 0:00:30][%mdl 2048] White is really pushing.} Bxf4 20. Qxf4 Qc7 21. Nxe5 {[%emt 0:00:30] White is much more active.} dxe5 22. Qe3 Qd6 23. c5 bxc5 24. Qxc5 Rad8 (24... Qxc5+ $14 25. Rxc5 Kg7) 25. Qxd6 $18 Rxd6 {[%emt 0:00:30] [#]} 26. Rc6 $1 Rxd5 (26... Rd7 {was called for.} 27. b4 (27. Bxa6 Kg7 $16) 27... Kg7) 27. Bc4 ({Weaker is} 27. Rxa6 Kg7 $14) (27. Bxa6 Rd2 $14) 27... Rd2 28. Rxg6+ ({Stronger than} 28. Rxa6 Kg7 $11) 28... Kh8 29. Rxf7 Rxf7 30. Bxf7 {[%emt 0:00:30][%csl Gf7][%cal Rg6g8][%mdl 4096] [#] Endgame KRB-KRN} Nf8 31. Rxa6 ({Don't play} 31. Rg8+ Kh7 32. Rxf8 Kg7) 31... h4 32. b4 e4 33. Bh5 {[%emt 0:00:30] aiming for a4.} Rb2 34. a3 Kg7 (34... e3 $142 35. h3 Kg7) 35. Rd6 Rb3 36. Rd4 e3 37. Kf1 Ne6 (37... h3 $142 38. gxh3 Rxa3) 38. Rxh4 Kf6 39. Bf3 {[%emt 0:00:30] Threatens to win with a4.} Ke5 (39... Rxa3 {was necessary.} 40. Ke2 Ng7 41. Rf4+ Kg5) 40. Re4+ Kf5 41. g4+ Kf6 42. a4 Ng5 43. Rf4+ Kg6 44. Be4+ Kg7 45. Bd5 Rb2 46. h4 Nh3 47. Re4 e2+ 48. Rxe2 Rxe2 49. Kxe2 {[%emt 0:00:30] KB-KN. White mates.} Nf4+ 50. Kf3 Nxd5 51. b5 Nb6 52. a5 Nc4 53. a6 Kf6 54. a7 Nb6 55. Ke4 {[%emt 0:00:30] Weighted Error Value: White=0.07 (flawless) /Black=0.32} 1-0